 Dungeon Crawl Stone Soup version 0.18.1-50-g88ac8fd (webtiles) character file.

5344 wamma the Nimble (level 10, -11/94 HPs)
             Began as a Deep Dwarf Berserker on Sept 22, 2016.
             Was an Elder of Trog.
             Mangled by Gastronok (29 damage)
             ... on level 8 of the Dungeon.
             The game lasted 00:46:06 (9809 turns).

wamma the Nimble (Deep Dwarf Berserker)             Turns: 9809, Time: 00:46:07

Health: -11/94     AC: 10    Str: 25    XL:     10   Next: 38%
Magic:  8/8        EV: 15    Int:  7    God:    Trog [****..]
Gold:   293        SH:  0    Dex: 12    Spells: 0 memorised, 9 levels left

rFire  + + .     SeeInvis +     a - +1 hand axe
rCold  + . .     Gourm    .     i - +1 ring mail {rF+}
rNeg   . . .     Faith    .     (no shield)
rPois  +         Spirit   .     H - +0 helmet
rElec  +         Dismiss  .     n - +0 cloak
rCorr  +         Reflect  .     (no gloves)
SustAt .         Harm     .     (no boots)
MR     +++..                    z - amulet of regeneration
Stlth  +.........               X - ring of see invisible
                                e - ring of flight

@: resistant (expiring), non-regenerating, drained, extremely resistant to
hostile enchantments, very unstealthy
A: damage resistance, recharge devices, sense surroundings 2, slow regeneration
3
a: Device Recharging, Berserk, Trog's Hand, Brothers in Arms, Burn Spellbooks,
Renounce Religion, Evoke Flight


You were on level 8 of the Dungeon.
You worshipped Trog.
Trog was greatly pleased with you.
You were not hungry.

You visited 1 branch of the dungeon, and saw 9 of its levels.
You also visited: Sewer.

You collected 293 gold pieces.

Inventory:

Hand Weapons
 a - a +1 hand axe (weapon)
 q - a +2 mace of holy wrath
 u - a +0 club
 y - a +2 dagger of pain
 C - a +4 quarterstaff of chaos
 D - a +1 mace of holy wrath
 E - a cursed -1 mace
 G - a +2 antimagic short sword
Missiles
 U - 35 stones (quivered)
Armour
 b - a +0 animal skin
 f - a +1 chain mail
 i - a +1 ring mail of fire resistance (worn)
 n - a +0 cloak (worn)
 x - a troll hide {Purgy}
 H - a +0 helmet (worn)
Jewellery
 e - a ring of flight (left hand)
 z - an amulet of regeneration (around neck)
 X - a ring of see invisible (right hand)
Wands
 c - a wand of heal wounds (0/9)
 t - a wand of slowing (16/48)
 B - a wand of digging (9/24)
 K - a wand of acid (9/15)
 N - a wand of iceblast (9/15)
 R - a wand of confusion (6/48)
Scrolls
 h - 5 scrolls of teleportation
 j - 5 scrolls of fog
 l - 2 scrolls of remove curse
 o - 3 scrolls of identify
 v - a scroll of fear
 I - a scroll of amnesia
 L - a scroll of enchant weapon
Potions
 g - a potion of agility
 m - a potion of magic {unknown}
 p - a potion of resistance
 r - a potion of cure mutation {unknown}
 s - 2 potions of flight {unknown}
 w - a potion of might
 A - a potion of heal wounds {unknown}
 F - a potion of lignification {unknown}
 M - a potion of berserk rage {unknown}
 Q - 2 potions of degeneration {unknown}
 T - a potion of haste {unknown}
Comestibles
 d - 9 bread rations
 O - 7 fruits
 W - 2 meat rations


   Skills:
 + Level 7.4(6.7) Fighting
 + Level 8.8(8.0) Axes
 + Level 7.7(7.0) Armour
 + Level 9.8(9.0) Dodging
 + Level 2.2(1.6) Stealth
 + Level 2.3(1.7) Evocations


You had 9 spell levels left.
You didn't know any spells.

Dungeon Overview and Level Annotations

Branches:
Dungeon (9/15)             Temple (0/1) D:4
   Lair: D:8-11         Orc: D:9-12

Altars:
Cheibriados
Dithmenos
Elyvilon
Gozag
Kikubaaqudgha
Nemelex Xobeh
Okawaru
Pakellas
Trog
Xom
Yredelemnul
Zin
The Shining One

Annotations:
D:8 Gastronok


Innate Abilities, Weirdness & Mutations

You are resistant to damage.
You can recharge devices by infusing magical energy.
You passively map the area around you.
You do not regenerate naturally.


Message History

You kill the orc warrior!
Trog accepts your kill.
The orc wizard looks braver for a moment.
You hit Gastronok but do no damage.
Gastronok is lightly wounded.
You start to feel less resistant.
Your skin stops crawling.
You feel less resistant to hostile enchantments.
Your skin crawls.
You feel resistant to hostile enchantments.
You feel slightly more hungry.
The orc wizard looks braver for a moment.
Gastronok bites you!
* * * LOW HITPOINT WARNING * * *
The orc wizard gestures wildly while chanting.
The orc wizard flickers and vanishes for a moment.
You feel better.
You hit Gastronok.
Gastronok is lightly wounded.
Gastronok bites you!!
You die...

.♣.♣...'..........# #........
.♣♣.♣..#...)......#######........
.......#.........................
.......#.........................
##''####.......####..............
##..#.##.#########..............#
#.........................##..###
...######.....######.......#.##
.#### ###..)ow@..........#.#
....# ##...)#####.#.....#.####
....# #..##.....#.#.....#.....
....# ####.#######...............
..>.###....# #..##............
..#.....#### ###.###......#.....
#........## #.....#........###.
#.#.......#####.....#......#.##..
#.#.........)...#'#..........##.#


You could see Gastronok and an orc wizard (invisible).

Vanquished Creatures
  Sigmund (D:3)
  A spriggan (D:7)
  A hippogriff (D:8)
  4 orc warriors
  Purgy (D:3)
  An ice beast (D:7)
  2 sky beasts
  4 phantoms
  3 eyes of draining (D:4)
  6 ogres
  A centaur (D:8)
  7 big kobolds
  5 giant frogs
  2 scorpions (D:5)
  5 killer bees (D:8)
  3 wights (D:8)
  5 crimson imps
  A giant frog zombie (D:6)
  2 centaur zombies
  A quasit (D:8)
  4 orc priests
  4 hounds
  3 jellies
  5 orc wizards
  Crazy Yiuf (D:3)
  2 giant frog skeletons
  8 worker ants
  A hound zombie (D:6)
  2 hound skeletons
  A howler monkey zombie (D:8)
  6 gnolls
  14 adders
  A shadow imp (D:8)
  2 oozes (Sewer)
  An adder zombie (D:5)
  2 adder skeletons
  4 worms
  2 dart slugs (D:2)
  4 giant geckos
  20 orcs
  13 giant cockroaches
  11 goblins
  7 hobgoblins
  4 jackals (D:3)
  3 quokkas
  5 ball pythons
  9 bats
  A giant gecko zombie (D:6)
  8 giant newts
  11 kobolds
  11 rats
  4 withered plants (D:8)
230 creatures vanquished.

Vanquished Creatures (others)
  A hungry ghost (D:6)
1 creature vanquished.

Grand Total: 231 creatures vanquished

Notes
Turn   | Place    | Note
--------------------------------------------------------------
     0 | D:1      | wamma the Deep Dwarf Berserker began the quest for the Orb.
     0 | D:1      | Reached XP level 1. HP: 20/20 MP: 1/1
   301 | D:1      | Reached XP level 2. HP: 22/27 MP: 2/2
  1096 | D:1      | Reached ** piety under Trog
  1096 | D:1      | Reached XP level 3. HP: 26/34 MP: 3/3
  1293 | D:2      | Reached skill level 3 in Dodging
  1309 | D:2      | Reached XP level 4. HP: 9/42 MP: 4/4
  1526 | D:2      | Found an iron altar of Okawaru.
  1834 | D:3      | Found a snail-covered altar of Cheibriados.
  1974 | D:3      | Found a glowing golden altar of the Shining One.
  2037 | D:3      | Found a basalt altar of Yredelemnul.
  2065 | D:3      | Found a glowing drain.
  2082 | Sewer    | Entered a sewer
  2107 | Sewer    | Noticed a big kobold
  2135 | Sewer    | Killed a big kobold
  2135 | Sewer    | Reached XP level 5. HP: 31/49 MP: 5/5
  2176 | Sewer    | Reached skill level 4 in Dodging
  2263 | Sewer    | Reached XP level 6. HP: 47/57 MP: 6/6
  2353 | Sewer    | Reached skill level 5 in Axes
  2815 | Sewer    | Reached skill level 5 in Dodging
  2815 | Sewer    | Reached XP level 7. HP: 61/64 MP: 7/7
  2861 | Sewer    | Reached *** piety under Trog
  3134 | D:3      | Noticed Purgy
  3158 | D:3      | Killed Purgy
  3158 | D:3      | Reached skill level 5 in Armour
  3425 | D:3      | Noticed Sigmund
  3436 | D:3      | Killed Sigmund
  3436 | D:3      | Reached skill level 6 in Dodging
  3436 | D:3      | Reached XP level 8. HP: 70/73 MP: 8/8
  3747 | D:3      | Noticed Crazy Yiuf
  3758 | D:3      | Killed Crazy Yiuf
  4218 | D:4      | Reached skill level 5 in Fighting
  4218 | D:4      | Reached skill level 7 in Dodging
  4244 | D:4      | Found a bloodstained altar of Trog.
  4272 | D:4      | Reached skill level 1 in Evocations
  4286 | D:4      | Reached **** piety under Trog
  4699 | D:4      | Found a staircase to the Ecumenical Temple.
  5016 | D:5      | Entered Level 5 of the Dungeon
  5131 | D:5      | Reached skill level 1 in Stealth
  5183 | D:5      | Gained mutation: You passively map the area around you. [Deep Dwarf growth]
  5183 | D:5      | Reached XP level 9. HP: 63/82 MP: 9/9
  5219 | D:5      | Found an opulent altar of Gozag.
  6420 | D:6      | Reached skill level 8 in Dodging
  6568 | D:6      | Found a shadowy altar of Dithmenos.
  6709 | D:6      | Found a glowing silver altar of Zin.
  6979 | D:6      | Found a shimmering altar of Xom.
  7294 | D:6      | Found an oddly glowing altar of Pakellas.
  7519 | D:7      | HP: 4/85 [big kobold/whip of electrocution (18)]
  7539 | D:7      | Reached skill level 9 in Dodging
  7848 | D:7      | Found an iron altar of Okawaru.
  8288 | D:7      | Reached XP level 10. HP: 93/94 MP: 9/9
  8631 | D:7      | You fall through a shaft for 2 floors!
  8637 | D:9      | Noticed Gastronok
  8745 | D:8      | Found a white marble altar of Elyvilon.
  9267 | D:8      | Found a sparkling altar of Nemelex Xobeh.
  9380 | D:8      | Found an ancient bone altar of Kikubaaqudgha.
  9809 | D:8      | Mangled by Gastronok

Skill      XL: |  1  2  3  4  5  6  7  8  9 10 |
---------------+-------------------------------+-----
Fighting       | 3 4 5 7 |  7.4
Axes           | 4 5 6 8 |  8.8
Dodging        | 3 4 5 6 7 9 |  9.8
Armour         | 3 4 5 6 7 |  7.7
Evocations     | 1 2 |  2.3
Stealth        | 1 2 |  2.2

Action                   |  1- 3 |  4- 6 |  7- 9 | 10-12 || total
-------------------------+-------+-------+-------+-------++-------
Melee: Hand axe          |   109 |   324 |   776 |   342 ||  1551
Invok: Trog's Hand       |       |     4 |     5 |     3 ||    12
       Berserk           |       |     1 |     8 |     2 ||    11
       Burn Spellbooks   |       |       |     1 |       ||     1
 Abil: Evoke Flight      |       |     1 |       |       ||     1
       Device Recharging |       |       |     2 |     1 ||     3
Evoke: Wand              |     1 |     1 |    12 |     6 ||    20
  Use: Scroll            |     7 |     4 |     6 |     2 ||    19
       Potion            |       |       |     3 |     3 ||     6
  Eat: Chunk             |     1 |     2 |    16 |     8 ||    27
       Meat ration       |       |     1 |       |       ||     1
       Fruit             |       |       |     4 |       ||     4
       Bread ration      |       |       |     2 |       ||     2
       Pizza             |       |       |       |     1 ||     1
Armor: Chain mail        |    53 |       |       |       ||    53
       Animal skin       |     3 |       |       |       ||     3
       Ring mail         |    14 |   100 |   227 |    82 ||   423
Dodge: Dodged            |    69 |   160 |   486 |   216 ||   931
